 Dungeon Crawl Stone Soup version 0.30-a0-367-g839099abd5 (webtiles) character file.

Game seed: 17590094450655394273

43 MrRokkomies the Insei (level 4, -7/54 HPs)
             Began as a Meteoran Transmuter on Nov 18, 2022.
             Killed by an exploding orc (25 damage)
             ... ignited by their inner flame
             ... on level 4 of the Dungeon.
             The game lasted 00:02:28 (591 turns).

MrRokkomies the Insei (Meteoran Transmuter)          Turns: 591, Time: 00:02:29

Health: -7/54      AC: 22    Str: 11    XL:     4   Next: 6%
Magic:  9/9        EV:  2    Int: 15    God:
Gold:   26         SH:  0    Dex: 16    Spells: 5/8 levels left

rFire   . . .      SeeInvis .      - Unarmed
rCold   . . .      Faith    .    (no shield)
rNeg    . . .      Spirit   .    (body armour currently unavailable)
rPois   +          Reflect  .    (helmet currently unavailable)
rElec   .          Harm     .    (cloak currently unavailable)
rCorr   .          Rampage  .    (gloves currently unavailable)
Will    .....      NoTele   +    (boots currently unavailable)
Stlth   +.........               (no amulet)
HPRegen 0.29/turn                (no ring)
MPRegen 0.11/turn                (no ring)

@: tree-form, glowing
A: stationary, stasis, torment immunity, boosted hp, sense surroundings 1,
otherworldly, glowing, explore regen
a: no special abilities


You were on level 4 of the Dungeon.
You were a tree.
You visited 1 branch of the dungeon, and saw 3 of its levels.

You collected 26 gold pieces.

Inventory:

Armour
 a - a +0 robe (melded)
Scrolls
 d - a scroll of noise


   Skills:
 * Level 2.2 Fighting
 + Level 2.9 Dodging
 * Level 4.2 Unarmed Combat
 - Level 2.6 Spellcasting
 + Level 3.0 Transmutations


You had 5 spell levels left.
You knew the following spells:

 Your Spells              Type           Power      Damage    Failure   Level
a - Beastly Appendage     Tmut           22%        N/A       6%          1
b - Wereblood             Tmut           11%        N/A       9%          2

Your spell library contained the following spells:

 Spells                   Type           Power      Damage    Failure   Level
 Spider Form              Tmut/Pois      6%         N/A       32%         3
 Ice Form                 Ice/Tmut       6%         N/A       73%         4


Dungeon Overview and Level Annotations

Branches:
Dungeon (2/15) Zot: 1212

Altars:


Innate Abilities, Weirdness & Mutations

You are a tree.
Your roots penetrate the ground, keeping you stationary.
You cannot be teleported.
You are immune to unholy pain and torment.
Your maximum health is greatly increased.
Your equipment is partially melded.
You passively map a small area around you.
You are easily found by Zot.
You glow in the dark.
You regain HP and MP as you explore.


Message History

You nearly hit yourself!
Something hits you but does no damage.
You closely miss something. Something hits you but does no damage.
You barely miss something.
You hear some strange, mumbled words.
A magic dart appears from out of thin air!
The magic dart hits you but does no damage.
You hit something.
Reactivating autopickup.
You feel a bit more experienced.
Your Fighting skill increases to level 2!
Your Transmutations skill increases to level 3!
You have reached level 4!
You are too confused!
You closely miss the orc. The orc hits you but does no damage.
You attack the rock wall.
The orc hits you but does no damage.
You barely miss the orc. The orc completely misses you.
You attack the rock wall.
You feel less confused. The orc hits you but does no damage.
As you read the scroll labelled KUOGHI AVYRA, it crumbles to dust.
You hear a loud clanging noise!
It was a scroll of noise.
You hear a howl!
You hear a shout! x3
The orc hits you but does no damage.
The air fills with toxic fumes!
As you read the scroll labelled IKOCRU COIS, it crumbles to dust.
It was a scroll of poison.
The orc hits you but does no damage.
You hit the orc.
The orc is moderately wounded.
The orc barely misses you.
You smack the orc!
You kill the orc!
As you read the scroll labelled RUOTWE VUEP, it crumbles to dust.
The creatures around you are filled with an inner flame!
It was a scroll of immolation.
You barely miss the orc. The orc hits you but does no damage.
You smack the orc!
The orc explodes!
The fiery explosion engulfs you!!
You die...

* * * ,* , * ,, , ,
* ** * * , , ,,,*,
, ,,
################# *
*
,.§§§§§☼§7§SS§§§§#,
* .§#§§§§####.§☼§§#
#§§§.* ###§§§#, *
#§§.. * ##.§# ##.?.
*#..# * * * #...*
*##.# * #... , * .#
* * * ##.. * .#,* *
.#


You could see a water moccasin (inner flame) and a ball python (inner flame).

Vanquished Creatures
  An orc wizard (D:4)
  3 orcs (D:4)
  3 ball pythons (D:1)
  2 endoplasms
  A giant cockroach (D:1)
  2 goblins
  A hobgoblin (D:4)
  A bat (D:1)
  2 frilled lizards (D:1)
  A kobold (D:1)
17 creatures vanquished.

Notes
Turn   | Place    | Note
-------+----------+-------------------------------------------
     0 | D:1      | MrRokkomies the Meteoran Transmuter began the quest for the
                  | Orb.
     0 | D:1      | Reached XP level 1. HP: 16/16 MP: 5/5
   223 | D:1      | Reached XP level 2. HP: 23/23 MP: 6/6
   238 | D:1      | Learned a level 2 spell: Wereblood
   499 | D:1      | Glimpsed the power of Zot.
   531 | D:2      | You fall into a shaft and drop 2 floors!
   557 | D:4      | Reached skill level 4 in Unarmed Combat
   557 | D:4      | Reached XP level 3. HP: 16/29 MP: 6/8
   575 | D:4      | Noticed a water moccasin
   581 | D:4      | Reached XP level 4. HP: 16/36 MP: 9/9
   591 | D:4      | Killed by an exploding orc... ignited by their inner flame

Illustrated notes

Levels and vault maps discovered:
D:1:      minmay_arrival_split_and_join, layout_basic, serial_rivers,
          chequers_serial_rivers_micro_a, chequers_serial_rivers_micro_d,
          chequers_serial_rivers_large_a, chequers_serial_rivers_room_b,
          chequers_serial_rivers_micro_c, st_stairs_13,
          minmay_misc_feat_more_columns, minmay_misc_feat_cross,
          glass_columns_b, minivault_5, dreamdust_princess_bridge,
          grunt_decor_one_mirror
D:2:      cheibrodos_fertilizer, layout_rooms, uniq_natasha, uniq_jessica
D:4:      minmay_recursive_quarters, layout_basic, ebering_ghost_rock_garden,
          uniq_crazy_yiuf_cottage, uniq_pikel

Skill      XL: |  1  2  3 |
---------------+----------+-----
Unarmed Combat | 4 |  4.2
Fighting       | 2 |  2.2
Transmutations | 3 |  3.0
Dodging        | |  2.9
Spellcasting   | |  2.6

Action                   |  1- 3 |  4- 6 || total
-------------------------+-------+-------++-------
Melee: Unarmed           |    65 |     6 ||    71
       Punch             |     1 |       ||     1
       Kick              |     2 |       ||     2
       Headbutt          |     2 |       ||     2
 Cast: Beastly Appendage |     3 |       ||     3
  Use: Potion            |     1 |       ||     1
       Scroll            |       |     3 ||     3
Armor: Robe              |     9 |       ||     9
       Skin              |    10 |     6 ||    16
Dodge: Dodged            |    29 |     2 ||    31

Table legend: (Time is in decaauts)
 A = Elapsed time spent in this place.
 B = Non-inter-level travel time spent in this place.
 C = Inter-level travel time spent in this place.
 D = Time resting spent in this place.
 E = Time spent auto-exploring this place.
 F = Levels seen in this place.
 G = Mean time per level.
                   A        B        C        D        E       F      G
               +--------+--------+--------+--------+--------+-----+--------+
         Total |    587 |    575 |     12 |      0 |    396 |   3 |  195.7 |
       Dungeon |    587 |    575 |     12 |      0 |    396 |   3 |  195.7 |
               +--------+--------+--------+--------+--------+-----+--------+

Top non-repeatable levels by time:
     D:1: 516 daAuts
     D:4: 56 daAuts
     D:2: 14 daAuts
